 Dungeon Crawl Stone Soup version 0.18.1-48-g4cf74bf (webtiles) character file.

110 Alarkh the Poker (level 4, -1/33 HPs)
             Began as a Mummy Skald on July 28, 2016.
             Slain by Sigmund
             ... wielding a +0 scythe
              (9 damage)
             ... on level 3 of the Dungeon.
             The game lasted 00:02:16 (1404 turns).

Alarkh the Poker (Mummy Skald)                      Turns: 1404, Time: 00:02:17

Health: -1/33      AC:  3    Str: 15    XL:     4   Next: 61%
Magic:  7/7        EV: 11    Int: 12    God:
Gold:   53         SH:  0    Dex: 11    Spells: 1 memorised, 6 levels left

rFire  x . .     SeeInvis .     a - +0 spear
rCold  + . .     Gourm    .     b - +0 leather armour
rNeg   + + +     Faith    .     (no shield)
rPois  ∞         Spirit   .     (no helmet)
rElec  .         Dismiss  .     (no cloak)
rCorr  .         Reflect  .     (no gloves)
SustAt .         Harm     .     (no boots)
MR     .....                    (no amulet)
Stlth  +.........               (no ring)
                                (no ring)

@: confused, not resistant to hostile enchantments, very unstealthy
A: no food or potions, fire vulnerability, cold resistance 1, negative energy
resistance 3, torment resistance, unbreathing
a: no special abilities


You were on level 3 of the Dungeon.
You were not hungry.

You visited 2 branches of the dungeon, and saw 5 of its levels.

You collected 53 gold pieces.

Inventory:

Hand Weapons
 a - a +0 spear (weapon)
Armour
 b - a +0 leather armour (worn)
Scrolls
 d - a scroll of recharging
 f - a scroll of blinking {unknown}
 g - 2 scrolls of magic mapping {unknown}
 h - 2 scrolls of fog {unknown}
 i - a scroll of identify {unknown}
 j - a scroll of random uselessness {unknown}
 k - a scroll of fear {unknown}
Books
 c - a book of Battle

   Spells                             Type                      Level
   a - Infusion                       Charms                       1
   b - Shroud of Golubria             Charms/Translocation         2
   c - Song of Slaying                Charms                       2
   d - Spectral Weapon                Hexes/Charms                 3
   e - Regeneration                   Charms/Necromancy            3


   Skills:
 - Level 2.0 Fighting
 + Level 4.0 Polearms
 - Level 0.7 Armour
 - Level 0.7 Dodging
 - Level 2.0 Spellcasting
 - Level 2.4 Charms


You had 6 spell levels left.
You knew the following spells:

 Your Spells              Type           Power        Failure   Level  Hunger
a - Infusion              Chrm           #...         14%         1    N/A

Dungeon Overview and Level Annotations

Branches:
Dungeon (4/15)             Temple (1/1) D:4

Altars:
Ashenzari
Cheibriados
Dithmenos
Elyvilon
Fedhas
Gozag
Kikubaaqudgha
Nemelex Xobeh
Okawaru
Pakellas
Qazlal
Ru
Sif Muna
Vehumet
Xom
Yredelemnul
Zin
The Shining One

Annotations:
D:3 Sigmund


Innate Abilities, Weirdness & Mutations

You do not eat or drink.
Your flesh is vulnerable to fire.
You are immune to poison.
Your flesh is cold resistant.
You are immune to negative energy.
You are immune to unholy pain and torment.
You can survive without breathing.


Message History

The magic dart hits you!
You bump into the rock wall.
You bump into the rock wall.
You bump into the rock wall.
Sigmund gestures at you while chanting.
You are more confused.
You bump into the rock wall.
Sigmund casts a spell at you.
You are more confused.
Sigmund gestures at you while chanting.
You are more confused.
You're too confused to move!
Sigmund points at you and mumbles some strange words.
The puff of flame hits you! The fire burns you terribly!
You bump into the rock wall.
Sigmund hits you with a scythe!
* * * LOW HITPOINT WARNING * * *
You bump into the rock wall.
You bump into the rock wall.
Sigmund barely misses you.
You bump into the rock wall.
Sigmund hits you with a scythe!
You die...

#. #.# #. #.# #.. #.# #.#
#.. ##.## #.######
#..##...###.# #......# #
#........@..# ######.# #
#.##...### #.# #
#....#...######## ##.## #
#..#####....@@..#
##...##### #
##>..#...######.#
#........# # ###.#.### #.#
#....###.### #...# #>#
#.#.## #.... ##.## #.#
#...# ##### #.# #(###...##
# #.# ######........## #
#)# #..............# #
#.####(#######.....#######


You could see Sigmund.

Vanquished Creatures
  A worker ant (D:4)
  6 adders
  2 worms
  A giant gecko (D:2)
  An orc (D:3)
  5 bats
  A giant cockroach (D:3)
  6 goblins
  4 hobgoblins (D:2)
  A giant newt (D:2)
  A rat (D:1)
29 creatures vanquished.

Notes
Turn   | Place    | Note
--------------------------------------------------------------
     0 | D:1      | Alarkh the Mummy Skald began the quest for the Orb.
     0 | D:1      | Reached XP level 1. HP: 16/16 MP: 3/3
    29 | D:2      | Reached skill level 2 in Polearms
    29 | D:2      | Reached XP level 2. HP: 15/22 MP: 0/5
   392 | D:2      | Reached XP level 3. HP: 24/27 MP: 3/6
   463 | D:2      | Reached skill level 3 in Polearms
   732 | D:3      | Noticed Sigmund
   927 | D:4      | Reached XP level 4. HP: 22/33 MP: 2/7
   928 | D:4      | Found a staircase to the Ecumenical Temple.
  1057 | Temple   | Entered the Ecumenical Temple
  1189 | D:4      | Noticed a phantom
  1201 | D:4      | Reached skill level 4 in Polearms
  1404 | D:3      | Slain by Sigmund

Skill      XL: |  1  2  3  4 |
---------------+-------------+-----
Polearms       | 2 3 4 |  4.0
Fighting       | |  2.0
Armour         | |  0.7
Dodging        | |  0.7
Spellcasting   | |  2.0
Charms         | |  2.4

Action                   |  1- 3 |  4- 6 || total
-------------------------+-------+-------++-------
Melee: Spear             |    89 |    45 ||   134
 Cast: Infusion          |    13 |     4 ||    17
  Use: Scroll            |     2 |       ||     2
Armor: Leather armour    |    20 |    13 ||    33
Dodge: Dodged            |    52 |    24 ||    76
